 Dungeon Crawl Stone Soup version 0.27.0-1-g7a089689b8 (webtiles) character file.

Game seed: 5420880621981399556

67779 SweetAndFullOfGrace the Severer (level 14, -5/133 HPs)
             Began as a Minotaur Berserker on Aug 4, 2021.
             Was a High Priest of Trog.
             Slain by Lemondrips's ghost (21 damage)
             ... on level 13 of the Dungeon.
             The game lasted 01:32:41 (21338 turns).

SweetAndFullOfGrace the Severer (MiBe)             Turns: 21338, Time: 01:32:41

Health: -5/133     AC: 19    Str: 21    XL:     14   Next: 84%
Magic:  13/13      EV: 20    Int:  5    God:    Trog [*****.]
Gold:   1479       SH:  0    Dex: 15    Spells: 13/13 levels left

rFire    . . .     SeeInvis +   a - +4 demon whip (elec)
rCold    . . .     Faith    .   (no shield)
rNeg     . . .     Spirit   .   R - +0 troll leather armour
rPois    +         Reflect  .   g - +2 hat
rElec    +         Harm     .   S - +2 cloak
rCorr    .         Rampage  .   X - +2 pair of gloves {archery}
Will     ++...                  E - +2 pair of boots of Indecent Exposure {rElec Slay+3}
Stlth    +.........             (no amulet)
HPRegen  0.00/turn              N - ring of poison resistance
MPRegen  0.13/turn              T - ring of see invisible

@: about to teleport, inhibited regen, studying Dodging
A: horns 2, retaliatory headbutt, strong-willed 1, inhibited regeneration, no
potion heal 1
a: Renounce Religion, Berserk, Trog's Hand, Brothers in Arms


You were on level 13 of the Dungeon.
You worshipped Trog.
Trog was extremely pleased with you.
You visited 4 branches of the dungeon, and saw 21 of its levels.
You also visited: Gauntlet.

You collected 1479 gold pieces.

Inventory:

Hand Weapons
 a - a +4 demon whip of electrocution (weapon)
 b - a +3 hand crossbow of flaming
 f - a +9 antimagic battleaxe
 k - a +1 broad axe of flaming
Missiles
 d - 581 stones (quivered)
 l - 6 silver javelins
 m - 2 throwing nets
 n - 223 bolts
 o - 8 atropa-tipped darts
 B - 53 poisoned darts
 K - 2 boomerangs
 Q - 6 curare-tipped darts
 V - 3 datura-tipped darts
Armour
 g - a +2 hat (worn)
 E - the +2 pair of boots of Indecent Exposure (worn) {rElec Slay+3}
   (You found it on level 9 of the Dungeon)

   Slay:      It affects your accuracy & damage with ranged weapons and melee
   (+3).
   rElec:     It insulates you from electricity.
 L - +0 acid dragon scales
 R - a +0 troll leather armour (worn)
 S - a +2 cloak (worn)
 X - a +2 pair of gloves of archery (worn)
Jewellery
 t - a +4 ring of protection
 N - a ring of poison resistance (left hand)
 T - a ring of see invisible (right hand)
 U - a +4 ring of evasion
Wands
 j - a wand of polymorph (28)
 q - a wand of acid (16)
 s - a wand of flame (82)
 A - a wand of mindburst (39)
 G - a wand of iceblast (30)
 Y - a wand of charming (12)
 Z - a wand of paralysis (14)
Scrolls
 c - a scroll of silence
 e - 3 scrolls of vulnerability
 h - a scroll of fog
 p - a scroll of holy word
 u - a scroll of enchant armour
 D - a scroll of noise
 F - 3 scrolls of immolation
 I - 6 scrolls of teleportation
 M - a scroll of fear
 O - 5 scrolls of magic mapping
 W - 2 scrolls of torment
Potions
 v - 6 potions of curing
 w - 6 potions of heal wounds
 x - a potion of resistance
 z - a potion of ambrosia {unknown}
 C - 7 potions of lignification
 H - 3 potions of flight
 J - a potion of attraction
 P - a potion of haste
Miscellaneous
 i - a phial of floods
 r - a piece from Xom's chessboard (15/15)
 y - a lightning rod (4/4)


   Skills:
 + Level 14.4 Fighting
 - Level 18.0 Axes
 + Level 5.1 Crossbows
 + Level 14.1 Armour
 + Level 15.4 Dodging


You had 13 spell levels left.
You didn't know any spells.
Your spell library was empty.

Dungeon Overview and Level Annotations

Branches:
Dungeon (13/15)            Temple (1/1) D:6            Lair (6/6) D:11
 Shoals (0/4) Lair:4        Slime (1/5) Lair:5          Orc (0/2) D:12
Gauntlet (visited)
  Snake: Lair:2-4    Spider: Lair:2-4    Vaults: D:13-14

Altars:
Ashenzari
Cheibriados
Dithmenos
Elyvilon
Fedhas
Gozag
Hepliaklqana
Kikubaaqudgha
Makhleb
Nemelex Xobeh
Okawaru
Qazlal
Ru
Sif Muna
Trog
Uskayaw
Vehumet
Wu Jian
Xom
Yredelemnul
Zin
The Shining One

Annotations:
D:10 2 transporters
D:13 Lemondrips's ghost, journeyman TrAK


Innate Abilities, Weirdness & Mutations

You have a pair of horns on your head.
You reflexively headbutt those who attack you in melee.
You are strong-willed. (Will+)
You do not regenerate when monsters are visible.
Potions are less effective at restoring your health.


Message History

Lemondrips's ghost is moderately damaged.
Lemondrips's ghost hits you but does no damage.
You thrash Lemondrips's ghost!!
Your headbutt misses Lemondrips's ghost.
Lemondrips's ghost is heavily damaged.
You hit Lemondrips's ghost.
Your headbutt misses Lemondrips's ghost.
Lemondrips's ghost is heavily damaged.
Lemondrips's ghost hits you!!
You barely miss Lemondrips's ghost. You headbutt Lemondrips's ghost.
Lemondrips's ghost is heavily damaged.
You whack Lemondrips's ghost! You headbutt Lemondrips's ghost.
Lemondrips's ghost is severely damaged.
Lemondrips's ghost hits you!!
You barely miss Lemondrips's ghost.
Lemondrips's ghost is severely damaged.
You barely miss Lemondrips's ghost.
Lemondrips's ghost is severely damaged.
The meliai mumbles some strange prayers to its god against you.
Something smites you!
* * * LOW HITPOINT WARNING * * *
Lemondrips's ghost hits you but does no damage.
You barely miss Lemondrips's ghost.
Your headbutt misses Lemondrips's ghost.
Lemondrips's ghost is severely damaged.
You whack Lemondrips's ghost!
Lightning courses through Lemondrips's ghost!
Lemondrips's ghost is almost destroyed.
Lemondrips's ghost misses you.
You hit Lemondrips's ghost.
Lightning courses through Lemondrips's ghost!
Lemondrips's ghost is almost destroyed.
You hit Lemondrips's ghost.
You headbutt Lemondrips's ghost, but do no damage.
Lemondrips's ghost is almost destroyed.
Lemondrips's ghost hits you!
* * * LOW HITPOINT WARNING * * *
As you read the scroll of teleportation, it crumbles to dust.
You feel strangely unstable. Lemondrips's ghost hits you!!
You die...

################ ..#.......#.....
..'.......#..... ..#.......#.....
..#.......# .(.
#########.#####'#################
###....#........@WoD..#........##
.........#########yB..#.........#
.........#o#..#.H#....#.........#
.........#..#.##.#....#.........'
##...###.##?....C'B...######....#
######...#B[.#...'.........#....#
#...##(...#!'.#..:....#.....
#...#W.##.#.#.#.......#.....
#..=#D# #...#.#.......#.....


You could see a boulder beetle, an orc knight, an acid dragon, a meliai and
Lemondrips's ghost.

Vanquished Creatures
  A cacodemon (Gauntlet)
  A minotaur (Gauntlet)
  Harold (D:9)
  7 hydras
  3 boulder beetles
  An ogre mage (D:13)
  A death knight (D:13)
  2 centaur warriors (D:13)
  6 death yaks (Lair:6)
  A catoblepas (Lair:6)
  4 two-headed ogres
  A deep troll shaman (Lair:6)
  Nergalle (D:11)
  A fire crab (Lair:6)
  2 lindwurms (Lair:6)
  Pikel (D:7)
  A wolf spider (D:13)
  A deep elf pyromancer (D:13)
  4 cyclopes
  An ugly thing (D:13)
  A manticore (D:11)
  13 elephants
  6 black mambas
  A smoke demon (Gauntlet)
  A gargoyle (D:13)
  9 cane toads
  Maggie (D:10)
  A rime drake (shapeshifter) (Gauntlet)
  4 kobold demonologists
  7 rime drakes
  10 komodo dragons
  An unseen horror (shapeshifter) (D:13)
  4 trolls
  2 hornets
  2 polar bears
  3 slime creatures (D:7)
  Grinder (D:5)
  17 blink frogs
  10 flying skulls (Gauntlet)
  Sigmund (D:2)
  41 yaks
  2 shadows
  7 wyverns
  3 basilisks
  A wraith (D:13)
  12 vampire mosquitoes
  2 chaos spawn (Gauntlet)
  2 neqoxecs (Gauntlet)
  2 acid dragons
  2 wargs (D:11)
  19 water moccasins
  An ice beast (D:5)
  5 black bears
  3 orc warriors
  3 ogres
  14 centaurs
  14 wolves
  A lemure (D:7)
  2 kobold brigands (D:13)
  10 bullfrogs
  A scorpion (D:5)
  A wyvern zombie (D:7)
  3 wyvern skeletons
  A water moccasin skeleton (D:7)
  5 wights (D:7)
  17 killer bees
  3 electric eels
  9 howler monkeys
  4 crimson imps (Gauntlet)
  4 centaur zombies
  2 bullfrog zombies
  2 hounds (D:5)
  3 jellies
  Crazy Yiuf (D:7)
  An orc priest (D:11)
  A centaur skeleton (D:4)
  Ijyb (D:3)
  3 bullfrog skeletons
  An iguana (D:5)
  3 orc wizards
  2 hell rats (Lair:6)
  3 howler monkey zombies (D:5)
  8 gnolls (D:2)
  5 adders
  9 river rats (Lair:6)
  2 shadow imps
  2 white imps
  An adder skeleton (D:5)
  2 worms (D:2)
  3 dart slugs (D:2)
  12 orcs
  5 endoplasms
  3 giant cockroaches
  11 goblins
  7 hobgoblins
  10 jackals
  A quokka (D:4)
  3 ball pythons
  6 bats
  10 kobolds
  6 rats
459 creatures vanquished.

Vanquished Creatures (collateral kills)
  Erolcha (D:12)
1 creature vanquished.

Vanquished Creatures (others)
  A river rat (Lair:6)
  A bush (D:8)
  39 fungi
  55 plants
96 creatures vanquished.

Grand Total: 556 creatures vanquished

Notes
Turn   | Place    | Note
-------+----------+-------------------------------------------
     0 | D:1      | SweetAndFullOfGrace the Minotaur Berserker began the quest
                  | for the Orb.
     0 | D:1      | Reached XP level 1. HP: 19/19 MP: 0/0
    87 | D:1      | Found a faded altar of an unknown god.
   235 | D:1      | Reached XP level 2. HP: 27/27 MP: 1/1
   294 | D:1      | Reached skill level 4 in Axes
   615 | D:2      | Noticed Sigmund
   723 | D:2      | Killed Sigmund
   724 | D:2      | Reached skill level 4 in Fighting
   724 | D:2      | Reached skill level 5 in Axes
   724 | D:2      | Reached skill level 3 in Armour
   724 | D:2      | Reached skill level 3 in Dodging
   724 | D:2      | Reached XP level 3. HP: 34/34 MP: 2/2
   724 | D:2      | Reached XP level 4. HP: 41/41 MP: 3/3
   724 | D:2      | Reached XP level 5. HP: 47/47 MP: 4/4
   814 | D:2      | Reached ** piety under Trog
   840 | D:2      | HP: 4/47 [gnoll (9)]
   846 | D:2      | Reached skill level 4 in Armour
  1129 | D:2      | Reached XP level 6. HP: 53/55 MP: 5/5
  1769 | D:3      | Reached skill level 5 in Fighting
  1769 | D:3      | Reached skill level 6 in Axes
  2488 | D:3      | Noticed Ijyb
  2499 | D:3      | Killed Ijyb
  2500 | D:3      | Reached skill level 4 in Dodging
  2950 | D:4      | Found a stormy altar of Qazlal.
  2964 | D:4      | Gained mutation: You occasionally shout uncontrollably at
                  | your foes. [potion of mutation]
  2964 | D:4      | Gained mutation: You sometimes lose the ability to read
                  | scrolls when taking damage. [potion of mutation]
  2964 | D:4      | Gained mutation: You expend magic power (3 MP) to
                  | strengthen your wands. [potion of mutation]
  3092 | D:4      | Found a blossoming altar of Fedhas.
  3327 | D:5      | Entered Level 5 of the Dungeon
  3407 | D:5      | Reached XP level 7. HP: 61/61 MP: 6/6
  3549 | D:5      | Reached skill level 7 in Axes
  3715 | D:5      | Reached skill level 5 in Armour
  3772 | D:5      | Noticed Grinder
  3785 | D:5      | Killed Grinder
  3786 | D:5      | Reached skill level 6 in Fighting
  3786 | D:5      | Reached skill level 8 in Axes
  3786 | D:5      | Reached skill level 5 in Dodging
  3786 | D:5      | Reached XP level 8. HP: 60/70 MP: 7/7
  3995 | D:5      | Noticed a hornet
  4001 | D:5      | Killed a hornet
  4263 | D:5      | Reached skill level 6 in Armour
  4548 | D:5      | Found a sparkling altar of Nemelex Xobeh.
  4614 | D:6      | Reached skill level 9 in Axes
  4716 | D:6      | You fall into a shaft and drop 3 floors!
  4727 | D:9      | Reached skill level 7 in Fighting
  4775 | D:9      | Identified the +2 pair of boots of Indecent Exposure {rElec
                  | Slay+3}
  4803 | D:9      | Reached skill level 6 in Dodging
  4815 | D:9      | Reached XP level 9. HP: 53/79 MP: 8/8
  4834 | D:9      | Identified the +2 helmet of Avant Garde Miracles {Regen+}
  4841 | D:9      | Reached *** piety under Trog
  4930 | D:9      | Noticed Harold
  4946 | D:9      | Killed Harold
  4947 | D:9      | Reached skill level 8 in Fighting
  4947 | D:9      | Reached skill level 10 in Axes
  4947 | D:9      | Reached skill level 7 in Armour
  4967 | D:9      | Reached skill level 7 in Dodging
  5016 | D:9      | Reached skill level 11 in Axes
  5058 | D:9      | HP: 8/81 [killer bee (5)]
  5369 | D:7      | Reached skill level 8 in Armour
  5520 | D:7      | Reached XP level 10. HP: 64/90 MP: 9/9
  5824 | D:7      | Noticed Pikel
  5841 | D:7      | Killed Pikel
  6253 | D:6      | Found a sacrificial altar of Ru.
  6253 | D:6      | Found a radiant altar of Vehumet.
  6437 | D:6      | Identified a scroll of acquirement
  6557 | D:6      | Found a staircase to the Ecumenical Temple.
  6564 | Temple   | Entered the Ecumenical Temple
  7106 | D:6      | Reached skill level 9 in Fighting
  7225 | D:6      | Reached skill level 12 in Axes
  7330 | D:7      | Reached skill level 8 in Dodging
  7821 | D:7      | Found a runed translucent door.
  7822 | D:7      | Noticed Crazy Yiuf
  7826 | D:7      | Killed Crazy Yiuf
  7960 | D:8      | Reached **** piety under Trog
  8090 | D:8      | Noticed a two-headed ogre
  8105 | D:8      | Killed a two-headed ogre
  8106 | D:8      | Reached skill level 9 in Armour
  8993 | D:9      | Found a bloodstained altar of Trog.
  9088 | D:9      | Found a glowing golden altar of the Shining One.
  9256 | D:10     | Entered Level 10 of the Dungeon
  9330 | D:10     | Found a transporter.
  9334 | D:10     | Noticed a fire crab
  9334 | D:10     | Noticed a fire crab
  9515 | D:10     | Reached skill level 13 in Axes
  9515 | D:10     | Reached XP level 11. HP: 64/99 MP: 10/10
  9770 | D:10     | Found a transporter.
  9831 | D:10     | Reached skill level 10 in Fighting
  9839 | D:10     | Noticed Maggie
  9848 | D:10     | Killed Maggie
 10126 | D:10     | Reached skill level 9 in Dodging
 10731 | D:11     | Noticed Nergalle
 10751 | D:11     | Killed Nergalle
 10752 | D:11     | Reached skill level 10 in Armour
 10977 | D:11     | Found a staircase to the Lair.
 11225 | D:11     | Noticed a seven-headed hydra
 11234 | D:11     | Killed a four-headed hydra
 11235 | D:11     | Reached skill level 14 in Axes
 11651 | Lair:1   | Entered Level 1 of the Lair of Beasts
 12044 | Lair:1   | Reached skill level 11 in Fighting
 12351 | Lair:1   | Reached XP level 12. HP: 104/110 MP: 11/11
 12474 | Lair:1   | You fall into a shaft and drop 1 floor!
 12510 | Lair:2   | Reached skill level 10 in Dodging
 12842 | Lair:1   | Acquired a manual of Dodging
 13083 | Lair:3   | Noticed a six-headed hydra
 13094 | Lair:3   | Killed a two-headed hydra
 13095 | Lair:3   | Reached skill level 15 in Axes
 13095 | Lair:3   | Reached skill level 11 in Armour
 13462 | Lair:3   | Noticed a boulder beetle
 13478 | Lair:3   | Killed a boulder beetle
 13479 | Lair:3   | Reached skill level 11 in Dodging
 13525 | Lair:3   | Reached ***** piety under Trog
 13949 | Lair:3   | Reached skill level 12 in Fighting
 14240 | Lair:3   | Identified the +3 robe of the Blessed Realm {Str+8 Dex-2
                  | SInv}
 14280 | Lair:3   | Reached skill level 16 in Axes
 14762 | Lair:4   | Found a staircase to the Shoals.
 15353 | Lair:5   | Reached XP level 13. HP: 118/118 MP: 12/12
 15418 | Lair:5   | Reached skill level 12 in Dodging
 15453 | Lair:5   | Reached skill level 12 in Armour
 15503 | Lair:5   | Found a staircase to the Slime Pits.
 15526 | Slime:1  | Entered Level 1 of the Pits of Slime
 16201 | Lair:5   | Received a gift from Trog
 16659 | Lair:6   | Entered Level 6 of the Lair of Beasts
 17020 | Lair:6   | Reached skill level 17 in Axes
 17023 | Lair:6   | Reached skill level 13 in Dodging
 17392 | Lair:6   | Reached skill level 13 in Fighting
 17778 | Lair:6   | Received a gift from Trog
 18344 | Lair:6   | Reached skill level 13 in Armour
 18398 | Lair:6   | Reached XP level 14. HP: 102/129 MP: 13/13
 18521 | Lair:6   | Reached skill level 14 in Dodging
 18815 | Lair:1   | Acquired a +0 pair of gloves of archery
 18931 | D:12     | Reached skill level 1 in Crossbows
 19185 | D:12     | Noticed Erolcha
 19196 | D:12     | Killed Erolcha
 19613 | D:12     | Found a staircase to the Orcish Mines.
 19794 | D:13     | Reached skill level 18 in Axes
 19794 | D:13     | Reached skill level 2 in Crossbows
 19854 | D:13     | Found a gate leading to a gauntlet.
 19859 | Gauntlet | Entered a Gauntlet
 19859 | Gauntlet | Found a transporter.
 19862 | Gauntlet | Found a transporter.
 19866 | Gauntlet | Found a transporter.
 19871 | Gauntlet | Found a transporter.
 19905 | Gauntlet | Found a runed translucent door.
 19908 | Gauntlet | Found a transporter.
 19909 | Gauntlet | Found a transporter.
 19910 | Gauntlet | Found a transporter.
 19918 | Gauntlet | Found a transporter.
 19921 | Gauntlet | Found a transporter.
 19922 | Gauntlet | Found a transporter.
 19930 | Gauntlet | Found a transporter.
 19930 | Gauntlet | Noticed a cacodemon
 19933 | Gauntlet | Found a transporter.
 19934 | Gauntlet | Found a transporter.
 20064 | Gauntlet | Gained mutation: You frequently scream uncontrollably at
                  | your foes. [a neqoxec]
 20073 | Gauntlet | Killed a cacodemon
 20125 | Gauntlet | Found a transporter.
 20153 | Gauntlet | Reached skill level 3 in Crossbows
 20309 | D:13     | Noticed Lemondrips's ghost (journeyman TrAK)
 20329 | D:13     | Found a runed translucent gate.
 20329 | D:13     | Found a runed translucent gate.
 20329 | D:13     | Found a runed translucent gate.
 20454 | D:13     | Reached skill level 14 in Fighting
 20556 | D:13     | Lost mutation: You sometimes lose the ability to read
                  | scrolls when taking damage. [potion of mutation]
 20556 | D:13     | Lost mutation: You expend magic power (3 MP) to strengthen
                  | your wands. [potion of mutation]
 20556 | D:13     | Gained mutation: You have large cloven feet. [potion of
                  | mutation]
 20557 | D:13     | Lost mutation: You have large cloven feet. [potion of
                  | mutation]
 20557 | D:13     | Lost mutation: You frequently scream uncontrollably at your
                  | foes. [potion of mutation]
 20557 | D:13     | Lost mutation: You occasionally shout uncontrollably at
                  | your foes. [potion of mutation]
 20557 | D:13     | Gained mutation: You are frail. (-10% HP) [potion of
                  | mutation]
 20557 | D:13     | Gained mutation: Potions are less effective at restoring
                  | your health. [potion of mutation]
 20557 | D:13     | Gained mutation: You sometimes lose the ability to read
                  | scrolls when taking damage. [potion of mutation]
 20557 | D:13     | Gained mutation: You possess an exceptional clarity of
                  | mind. [potion of mutation]
 20558 | D:13     | Lost mutation: You are frail. (-10% HP) [potion of
                  | mutation]
 20558 | D:13     | Lost mutation: You possess an exceptional clarity of mind.
                  | [potion of mutation]
 20558 | D:13     | Gained mutation: You do not regenerate when monsters are
                  | visible. [potion of mutation]
 20559 | D:13     | Lost mutation: You sometimes lose the ability to read
                  | scrolls when taking damage. [potion of mutation]
 20559 | D:13     | Lost mutation: You do not regenerate when monsters are
                  | visible. [potion of mutation]
 20559 | D:13     | Gained mutation: You do not regenerate when monsters are
                  | visible. [potion of mutation]
 20559 | D:13     | Gained mutation: You are strong-willed. (Will+) [potion of
                  | mutation]
 20921 | D:13     | Reached skill level 4 in Crossbows
 20921 | D:13     | Reached skill level 15 in Dodging
 21010 | D:13     | Received a gift from Trog
 21063 | D:13     | Reached skill level 14 in Armour
 21101 | D:13     | Reached skill level 5 in Crossbows
 21338 | D:13     | Slain by Lemondrips's ghost

Illustrated notes

Levels and vault maps discovered:
D:1:      grunt_arrival_crossed_arrows, layout_rooms, basic_ecumenical_altar
D:2:      layout_basic, nrook_mini_backslash, uniq_sigmund
D:3:      kennysheep_the_goblin_king, layout_basic, uniq_ijyb
D:4:      layout_rooms, lemuel_coloured_pillars_altar, fedhas_altar_2,
          feat_on_display
D:5:      layout_basic, mainiacjoe_overflow_alcove_2, uniq_grinder
D:6:      layout_basic, gammafunk_temple_overflow_wave,
          minmay_temple_entry_statues_pillars, minmay_misc_feat_rugged,
          due_unseen_surprise
D:7:      layout_loops_cross, uniq_crazy_yiuf_cottage, uniq_pikel
D:8:      layout_rooms, minivault_24, kb_lookout_dungeons_type,
          chequers_mini_garden, kennysheep_decorative_pillar
D:9:      layout_cave_pools, mainiacjoe_overflow_six_doors_small,
          mainiacjoe_overflow_alcove_1, uniq_harold
D:10:     gammafunk_cloud_chamber, layout_loops_corners, uniq_maggie
D:11:     layout_basic, erik_lair_orcish_takeover, uniq_nergalle
D:12:     layout_long_grid, orc_0_dummy, minivault_23, roderic_roman_lattice,
          uniq_erolcha
D:13:     layout_gridville, gauntlet_entry_generic,
          maelrawn_ghost_gauntlet_escape, minmay_fractal_squares_gapless_7
Temple:   regret_index_temple_waves
Lair:1:   layout_chaotic_city, minivault_25
Lair:2:   layout_chaotic_city, minmay_snake_entry_spellcaster,
          infiniplex_staircase_pool, uniq_sonja
Lair:3:   layout_regular_city, beast_lair_carwin_8
Lair:4:   layout_loops_ring, minmay_shoals_entry_centaurs, patterned_corridor
Lair:5:   layout_layer_cave, slime_dummy, grunt_megastairs_1,
          lemuel_fruit_fields
Lair:6:   grunt_lair_end_beastmaster, layout_misc_corridors, serial_rivers,
          chequers_serial_rivers_micro_a, chequers_serial_rivers_micro_b,
          chequers_serial_rivers_large_a, chequers_serial_rivers_marsh,
          chequers_serial_rivers_room_b, kennysheep_abandoned_house
Slime:1:  layout_caves

Skill      XL: |  1  2  3  4  5  6  7  8  9 10 11 12 13 14 |
---------------+-------------------------------------------+-----
Axes           | 5 6 8 9 11 13 14 16 17 18 | 18.0
Fighting       | 4 5 6 7 8 9 11 12 13 14 | 14.4
Armour         | 3 4 5 6 8 9 10 11 13 14 | 14.1
Dodging        | 3 4 5 6 7 8 9 11 13 15 | 15.4
Crossbows      | 5 |  5.1

Action                   |  1- 3 |  4- 6 |  7- 9 | 10-12 | 13-15 || total
-------------------------+-------+-------+-------+-------+-------++-------
Melee: Hand axe          |    56 |   144 |   162 |   205 |       ||   567
       Headbutt          |     9 |    23 |    39 |   137 |   135 ||   343
       Broad axe         |       |       |       |   322 |   313 ||   635
       Demon whip        |       |       |       |       |   216 ||   216
 Fire: Hand crossbow     |       |       |       |       |    37 ||    37
Throw: Stone             |       |       |     4 |     2 |     1 ||     7
Invok: Berserk           |     1 |     2 |     3 |     5 |     1 ||    12
       Trog's Hand       |       |     1 |     2 |     3 |     4 ||    10
       Brothers in Arms  |       |       |       |     1 |     2 ||     3
Evoke: Wand              |       |       |     1 |     7 |       ||     8
  Use: Scroll            |       |     6 |     1 |    19 |     9 ||    35
       Potion            |       |     1 |     1 |     3 |     6 ||    11
Armor: Chain mail        |    29 |    74 |    72 |   235 |    86 ||   496
       Ring mail         |     5 |       |       |       |       ||     5
       Troll leather arm |       |       |       |       |    90 ||    90
Dodge: Dodged            |    20 |    75 |    77 |   307 |   383 ||   862

Table legend: (Time is in decaauts)
 A = Elapsed time spent in this place.
 B = Non-inter-level travel time spent in this place.
 C = Inter-level travel time spent in this place.
 D = Time resting spent in this place.
 E = Time spent auto-exploring this place.
 F = Levels seen in this place.
 G = Mean time per level.
                   A        B        C        D        E       F      G
               +--------+--------+--------+--------+--------+-----+--------+
         Total |  21197 |  20374 |    823 |   1772 |  14306 |  22 |  963.5 |
       Dungeon |  13546 |  13109 |    437 |   1591 |   8839 |  13 | 1042.0 |
        Temple |    149 |    146 |      3 |      0 |    144 |   1 |  149.0 |
          Lair |   7075 |   6692 |    383 |    120 |   5322 |   6 | 1179.2 |
    Slime Pits |      4 |      4 |      0 |      0 |      0 |   1 |    4.0 |
      Gauntlet |    421 |    421 |      0 |     59 |      0 |   1 |  421.0 |
               +--------+--------+--------+--------+--------+-----+--------+

Top non-repeatable levels by time:
  Lair:6: 2021 daAuts
  Lair:3: 1688 daAuts
     D:7: 1509 daAuts
  Lair:5: 1325 daAuts
    D:10: 1301 daAuts
     D:6: 1284 daAuts
     D:5: 1271 daAuts
    D:11: 1201 daAuts
     D:3: 1115 daAuts
     D:2: 1108 daAuts
    D:13: 1048 daAuts
  Lair:1: 917 daAuts
     D:9: 861 daAuts
    D:12: 857 daAuts
     D:8: 838 daAuts

Table legend:
 A = Non-vault XP
 B = Vault XP
 C = Vault XP percentage of total XP
 D = Non-vault monster count
 E = Vault monster count
 F = Vault count percentage of total count
                 A         B        C        D         E       F
            +---------+---------+-------+---------+---------+-------
      Total |   63147 |   33681 |  34.8 |     352 |     107 |  23.3
            +---------+---------+-------+---------+---------+-------
        D:1 |      29 |       0 |   0.0 |      17 |       0 |   0.0
        D:2 |     172 |     227 |  56.9 |      26 |       1 |   3.7
        D:3 |     133 |      52 |  28.1 |      10 |       8 |  44.4
        D:4 |     102 |       0 |   0.0 |      10 |       0 |   0.0
        D:5 |    1114 |     254 |  18.6 |      16 |       1 |   5.9
        D:6 |    1063 |       0 |   0.0 |      15 |       0 |   0.0
        D:7 |    2086 |     647 |  23.7 |      21 |       2 |   8.7
        D:8 |    1415 |     106 |   7.0 |      16 |       1 |   5.9
        D:9 |    1629 |    1028 |  38.7 |      20 |       1 |   4.8
       D:10 |    3783 |     339 |   8.2 |      20 |       1 |   4.8
       D:11 |    4131 |    1315 |  24.1 |      12 |       7 |  36.8
       D:12 |    3708 |     500 |  11.9 |      17 |       1 |   5.6
       D:13 |    6824 |    8380 |  55.1 |      21 |      12 |  36.4
     Lair:1 |    4525 |       0 |   0.0 |      23 |       0 |   0.0
     Lair:2 |    1586 |       0 |   0.0 |       8 |       0 |   0.0
     Lair:3 |   10021 |    2268 |  18.5 |      33 |       8 |  19.5
     Lair:4 |    1189 |     562 |  32.1 |       6 |       5 |  45.5
     Lair:5 |    6875 |     147 |   2.1 |      25 |       1 |   3.8
     Lair:6 |   12762 |   11102 |  46.5 |      36 |      36 |  50.0
   Gauntlet |       0 |    6754 | 100.0 |       0 |      22 | 100.0
            +---------+---------+-------+---------+---------+-------
